 Dungeon Crawl Stone Soup version 0.25.0-33-gff14898491 (webtiles) character file.

Game seed: 17096415542788188551

15791 Delamore the Protected (level 12, -8/81 HPs)
             Began as a Gargoyle Fighter on July 7, 2020.
             Was a High Priest of Okawaru.
             Killed from afar by an ice statue (29 damage)
             ... with a bolt of cold
             ... in an ice cave.
             The game lasted 00:14:33 (13731 turns).

Delamore the Protected (Gargoyle Fighter)          Turns: 13731, Time: 00:14:33

Health: -8/81      AC: 37    Str: 26    XL:     12   Next: 30%
Magic:  12/12      EV:  8    Int: 14    God:    Okawaru [*****.]
Gold:   752        SH: 12    Dex:  9    Spells: 11/11 levels left

rFire    . . .     SeeInvis .   A - +8 trident of the Octopus King {venom, rElec rPois MR+}
rCold    . . .     Gourm    .   c - +0 kite shield
rNeg     + . .     Faith    .   D - +3 chain mail
rPois    ∞         Spirit   .   y - +2 helmet of Hotsyson {Str+3 Int+3}
rElec    +         Reflect  .   F - +1 cloak
rCorr    .         Harm     .   (no gloves)
MR       +....                  u - +1 pair of boots
Stlth    ..........             (no amulet)
HPRegen  0.23/turn              K - +4 ring of protection
MPRegen  0.13/turn              (no ring)

@: no status effects
A: negative energy resistance 1, electricity resistance, unbreathing,
petrification resistance, rot immunity, AC +8
a: Heroism, Finesse, Renounce Religion


You were in an ice cave.
You worshipped Okawaru.
Okawaru was extremely pleased with you.
You were not hungry.

You visited 2 branches of the dungeon, and saw 12 of its levels.
You also visited: Bailey and Ice Cave.

You collected 752 gold pieces.

Inventory:

Hand Weapons
 a - a +0 flail
 s - a +0 whip of freezing
 A - the +8 trident of the Octopus King (weapon) {venom, rElec rPois MR+}
   (You found it on level 7 of the Dungeon)

   It poisons the flesh of those it strikes.
   It insulates you from electricity.
   It protects you from poison.
   It affects your resistance to hostile enchantments.
Missiles
 p - 19 poisoned darts (quivered)
 G - 2 throwing nets
 I - 8 atropa-tipped darts
Armour
 c - a +0 kite shield (worn)
 g - a +0 cloak
 u - a +1 pair of boots (worn)
 y - the +2 helmet of Hotsyson (worn) {Str+3 Int+3}
   (You took it off Robin on level 3 of the Dungeon)

   It affects your strength (+3).
   It affects your intelligence (+3).
 D - a +3 chain mail (worn)
 F - a +1 cloak (worn)
Jewellery
 n - an uncursed ring of protection from fire
 K - a +4 ring of protection (left hand)
Wands
 i - a wand of iceblast (11)
 x - a wand of random effects (11)
 M - a wand of acid (13)
 P - a wand of digging (6)
 Q - a wand of paralysis (10)
 R - a wand of flame (23)
Scrolls
 e - a scroll of enchant weapon {unknown}
 h - 10 scrolls of identify
 k - 4 scrolls of teleportation
 l - 3 scrolls of immolation
 m - 3 scrolls of fear {unknown}
 q - 3 scrolls of enchant armour
 t - 4 scrolls of remove curse
 v - 2 scrolls of amnesia {unknown}
 w - a scroll of random uselessness {unknown}
 E - a scroll of magic mapping
 H - a scroll of vulnerability {unknown}
 L - a scroll of blinking {unknown}
Potions
 b - a potion of experience {unknown}
 d - 2 potions of might
 j - 5 potions of curing {unknown}
 o - 3 potions of stabbing
 r - 2 potions of flight
 z - 2 potions of heal wounds
 B - a potion of mutation {unknown}
 J - 2 potions of brilliance {unknown}
 N - a potion of cancellation {unknown}
 O - a potion of haste {unknown}
Comestibles
 f - 21 rations


   Skills:
 - Level 11.9 Fighting
 - Level 10.4 Maces & Flails
 + Level 14.3 Armour
 + Level 10.5 Shields


You had 11 spell levels left.
You didn't know any spells.
Your spell library contained the following spells:

 Spells                   Type           Power        Failure   Level  Hunger
 Animate Skeleton         Necr           N/A          90%         1    ##.....
 Apportation              Tloc           #.....       90%         1    ##.....
 Corona                   Hex            #......      90%         1    ##.....
 Summon Small Mammal      Summ           #...         90%         1    ##.....
 Ensorcelled Hibernation  Hex/Ice        #.....       97%         2    ###....
 Slow                     Hex            #.......     97%         2    ###....
 Confusing Touch          Hex            #.......     99%         3    ####...
 Dazzling Flash           Conj/Hex       #.....       99%         3    ####...
 Inner Flame              Hex/Fire       #.......     99%         3    ####...
 Portal Projectile        Hex/Tloc       #.....       99%         3    ####...
 Tukima's Dance           Hex            #.......     99%         3    ####...
 Cause Fear               Hex            #.........   100%        4    #####..
 Leda's Liquefaction      Hex/Erth       #.........   100%        4    #####..


Dungeon Overview and Level Annotations

Branches:
Dungeon (11/15)            Temple (1/1) D:4            Lair (0/6) D:10
 Bailey (visited)           IceCv (1/1)
    Orc: D:9-12

Altars:
Ashenzari
Cheibriados
Dithmenos
Elyvilon
Fedhas
Gozag
Hepliaklqana
Kikubaaqudgha
Makhleb
Nemelex Xobeh
Okawaru
Qazlal
Ru
Sif Muna
Trog
Uskayaw
Vehumet
Wu Jian
Xom
Yredelemnul
Zin
The Shining One

Annotations:
IceCv exclusion: ice statue


Innate Abilities, Weirdness & Mutations

You are resistant to torment.
Your stone body is resilient. (AC +8)
You are immune to poison.
You resist negative energy. (rN+)
You are resistant to electric shocks. (rElec)
You can survive without breathing.
You are immune to petrification.
You are immune to rotting.


Message History

You start resting.
Eating one of 3 chunks of flesh.
You eat one of the 3 chunks of flesh.
This raw flesh tastes terrible.
All of the chunks of flesh in your inventory have rotted away.
HP restored.
Really walk into a travel-excluded area?
The ice statue gestures.
The ice statue gestures at you. The bolt of cold hits you!!
Things that are here:
a poisoned dart; a wolf skeleton x2
The ice statue gestures at you. The freezing blast engulfs you!!
You are engulfed in freezing vapours.
You are engulfed in freezing vapours.
* * * LOW HITPOINT WARNING * * *
The ice statue gestures at you.
The bolt of cold hits the ice beast.
The ice beast completely resists.
The bolt of cold hits you!!
You die...

## ### .## ..###
..#### .#..###
##.....# ####..#
##○.8(.#
#..##########○○Y.#
#.#...##...##☼○@#
######...##°☼☼###
##########


You could see an ice statue and an ice beast (summoned).

Vanquished Creatures
  A hydra (D:9)
  A death yak (IceCv)
  The ghost of Winsalot the Magician, a novice DgFE (D:9)
  Pikel (D:6)
  Joseph (D:7)
  Psyche (D:9)
  A gargoyle (D:10)
  8 polar bears (IceCv)
  2 hippogriffs
  Prince Ribbit (D:5)
  11 yaks (IceCv)
  A wyvern (D:11)
  A hungry ghost (D:6)
  Eustachio (D:5)
  2 wargs (D:10)
  12 orc warriors
  12 ice beasts
  8 ogres
  2 black bears
  2 necrophages (D:9)
  2 phantoms
  17 wolves (IceCv)
  10 centaurs
  A big kobold (D:8)
  4 bullfrogs
  A gnoll sergeant (D:10)
  A water moccasin zombie (D:10)
  2 scorpions
  4 killer bees (D:8)
  6 howler monkeys
  A bullfrog zombie (D:11)
  5 crimson imps
  2 jellies (D:10)
  4 orc priests
  5 hounds
  2 centaur skeletons
  A gnoll shaman (D:8)
  6 orc wizards
  A bullfrog skeleton (D:6)
  2 iguanas
  4 worker ants
  A worker ant zombie (D:10)
  Robin (D:3)
  11 gnolls
  11 adders
  5 shadow imps
  An ooze (D:4)
  An adder zombie (D:7)
  2 adder skeletons
  A worm (D:3)
  4 dart slugs
  10 leopard geckos
  36 orcs
  5 bats
  6 giant cockroaches
  14 goblins
  7 hobgoblins
  19 jackals
  5 quokkas
  3 ball pythons
  2 frilled lizards
  11 kobolds
  A quokka zombie (D:6)
  6 rats
314 creatures vanquished.

Notes
Turn   | Place    | Note
-------+----------+-------------------------------------------
     0 | D:1      | Delamore the Gargoyle Fighter began the quest for the Orb.
     0 | D:1      | Reached XP level 1. HP: 14/14 MP: 1/1
    46 | D:1      | Reached XP level 2. HP: 19/19 MP: 2/2
   167 | D:1      | Reached XP level 3. HP: 6/24 MP: 3/3
  1058 | D:2      | Reached XP level 4. HP: 30/30 MP: 4/4
  1975 | D:3      | Identified the +2 helmet of Hotsyson {Str+3 Int+3}
  1975 | D:3      | Noticed Robin
  1987 | D:3      | Killed Robin
  1995 | D:3      | Reached XP level 5. HP: 24/34 MP: 5/5
  2274 | D:3      | Reached skill level 5 in Fighting
  2505 | D:4      | Found a staircase to the Ecumenical Temple.
  2525 | Temple   | Entered the Ecumenical Temple
  2756 | Temple   | Became a worshipper of Warmaster Okawaru
  2944 | D:4      | Reached XP level 6. HP: 27/40 MP: 6/6
  3117 | D:4      | Noticed an ice beast
  3134 | D:4      | Killed an ice beast
  3368 | D:4      | Reached skill level 5 in Maces & Flails
  3686 | D:4      | Found a shattered altar of Ashenzari.
  3926 | D:4      | Reached XP level 7. HP: 43/47 MP: 7/7
  4151 | D:5      | Entered Level 5 of the Dungeon
  4151 | D:5      | Noticed Prince Ribbit
  4181 | D:5      | HP: 2/47 [Prince Ribbit (3)]
  4194 | D:5      | Killed Prince Ribbit
  4194 | D:5      | Reached * piety under Okawaru
  4196 | D:5      | Noticed Eustachio
  4667 | D:5      | Killed Eustachio
  4667 | D:5      | Reached XP level 8. HP: 36/53 MP: 8/8
  5251 | D:5      | Reached ** piety under Okawaru
  5929 | D:6      | Reached XP level 9. HP: 59/60 MP: 9/9
  6170 | D:7      | Found a flagged portal.
  6172 | D:7      | Found the +8 trident of the Octopus King {venom, rElec
                  | rPois MR+}
  6223 | Bailey   | Entered a bailey
  6249 | Bailey   | Reached *** piety under Okawaru
  6448 | Bailey   | Reached skill level 10 in Fighting
  7070 | Bailey   | Reached **** piety under Okawaru
  7387 | Bailey   | Reached XP level 10. HP: 69/69 MP: 10/10
  7402 | Bailey   | Reached skill level 10 in Maces & Flails
  7965 | D:7      | Noticed Pikel
  8024 | D:6      | Killed Pikel
  8548 | D:7      | Noticed Joseph
  8859 | D:7      | Killed Joseph
  8859 | D:7      | Reached ***** piety under Okawaru
  8859 | D:7      | Reached skill level 4 in Armour
  9042 | D:8      | Reached skill level 5 in Armour
  9334 | D:8      | Reached skill level 6 in Armour
  9753 | D:9      | Noticed Psyche
  9767 | D:9      | Killed Psyche
  9767 | D:9      | Reached skill level 7 in Armour
  9906 | D:9      | Reached skill level 5 in Shields
  9956 | D:9      | Reached skill level 8 in Armour
 10088 | D:9      | Found a runed translucent gate.
 10088 | D:9      | Found a runed translucent gate.
 10088 | D:9      | Found a runed translucent gate.
 10538 | D:9      | Noticed Winsalot's ghost (novice DgFE)
 10538 | D:9      | Noticed a nine-headed hydra
 10582 | D:9      | Killed Winsalot's ghost
 10582 | D:9      | Reached skill level 9 in Armour
 10582 | D:9      | Reached XP level 11. HP: 67/76 MP: 9/11
 10589 | D:9      | Killed a nine-headed hydra
 10589 | D:9      | Reached skill level 10 in Armour
 10814 | D:10     | Entered Level 10 of the Dungeon
 11096 | D:10     | Found a staircase to the Lair.
 11107 | D:10     | Reached skill level 11 in Armour
 11933 | D:11     | Received a gift from Okawaru
 12010 | D:11     | Found a frozen archway.
 12052 | D:11     | Received a gift from Okawaru
 12052 | D:11     | Reached skill level 12 in Armour
 12066 | D:11     | Got a pair of ancient gloves {god gift}
 12151 | D:11     | Identified the +2 pair of gloves "Keuzxat" {-Cast rPois
                  | Str+6 Slay-4} (Okawaru gifted it to you on level 11 of the
                  | Dungeon)
 12169 | IceCv    | Entered an ice cave
 12463 | IceCv    | Noticed a death yak
 12482 | IceCv    | Killed a death yak
 12482 | IceCv    | Reached skill level 13 in Armour
 12659 | IceCv    | Reached XP level 12. HP: 47/81 MP: 12/12
 12886 | IceCv    | Reached skill level 10 in Shields
 12914 | IceCv    | Reached skill level 14 in Armour
 13731 | IceCv    | Killed from afar by an ice statue

Illustrated notes

Levels and vault maps discovered:
D:1:      dpeg_arrival_chambers_temple_mockup, layout_rooms, minivault_4
D:2:      layout_basic, chequers_mini_garden
D:3:      layout_basic, first_ration, uniq_robin
D:4:      layout_loops_corners, nicolae_ashenzari_panopticon,
          minmay_temple_entry_gardened_gates, kennysheep_small_square
D:5:      layout_cave_pools, uniq_eustachio, uniq_prince_ribbit1
D:6:      layout_gridville
D:7:      layout_rooms, enter_bailey_2, grunt_ogre_cave, uniq_pikel, uniq_joseph
D:8:      layout_loops_ring, minmay_misc_feat_enclosed
D:9:      layout_basic, gammafunk_ghost_hydra_chop, uniq_psyche
D:10:     layout_loops_cross, erik_lair_orcish_takeover
D:11:     layout_gridville, portal_ice_cave_entry_ice_beasts,
          onia_ninara_cookie, uniq_nergalle, uniq_josephine
Temple:   nicolae_temple_the_god_donut
IceCv:    ice_cave_caverns_01

Skill      XL: |  1  2  3  4  5  6  7  8  9 10 11 12 |
---------------+-------------------------------------+-----
Fighting       | 4 5 6 7 9 11 | 11.9
Maces & Flails | 3 4 5 6 8 9 10 | 10.4
Armour         | 9 13 14 | 14.3
Shields        | 6 9 10 | 10.5

Action                   |  1- 3 |  4- 6 |  7- 9 | 10-12 || total
-------------------------+-------+-------+-------+-------++-------
Melee: Flail             |   125 |   251 |   284 |       ||   660
       Trident           |       |       |   110 |   655 ||   765
       Unarmed           |       |       |       |    19 ||    19
Throw: Dart              |       |       |    20 |     4 ||    24
       Javelin           |       |       |       |    32 ||    32
Invok: Heroism           |       |       |       |     1 ||     1
Evoke: Wand              |       |       |     1 |       ||     1
  Use: Potion            |       |       |     4 |     1 ||     5
       Scroll            |       |       |     6 |     1 ||     7
 Stab: Confused          |       |       |     1 |       ||     1
  Eat: Chunk             |     1 |     9 |    11 |    17 ||    38
       Ration            |       |       |     4 |     2 ||     6
Armor: Scale mail        |   135 |   209 |    89 |       ||   433
       Plate armour      |       |       |   154 |       ||   154
       Chain mail        |       |       |    41 |   671 ||   712
Dodge: Dodged            |    67 |   123 |   111 |   269 ||   570
Block: Kite shield       |    96 |   190 |   235 |   475 ||   996
